 Dungeon Crawl Stone Soup version 0.26.1-11-gd32895ea62 (webtiles) character file.

Game seed: 10643023158360731008

32 Zeld the Skirmisher (level 3, 26/26 HPs)
             Began as an Octopode Abyssal Knight on May 15, 2021.
             Was a Follower of Lugonu.
             Quit the game on level 1 of the Dungeon.
             The game lasted 00:02:15 (814 turns).

Zeld the Skirmisher (Octopode Abyssal Knight)        Turns: 814, Time: 00:02:16

Health: 26/26      AC:  1    Str: 12    XL:     3   Next: 25%
Magic:  5/5        EV: 13    Int: 14    God:    Lugonu [*.....]
Gold:   70         SH:  0    Dex: 11    Spells: 2/2 levels left

rFire    . . .     SeeInvis .   a - +1 falchion
rCold    . . .     Faith    .   (no shield)
rNeg     . . .     Spirit   .   j - +0 hat
rPois    .         Reflect  .   (no amulet)
rElec    .         Harm     .   (no ring)
rCorr    .         Rampage  .   (no ring)
Will     .....                  (no ring)
Stlth    ++........             (no ring)
HPRegen  0.08/turn              (no ring)
MPRegen  0.09/turn              (no ring)
                                (no ring)
                                (no ring)

@: no status effects
A: almost no armour, stealthy swim, amphibious, 8 rings, constrict 8, camouflage
1, gelatinous body 1
a: Renounce Religion, Depart the Abyss


You were on level 1 of the Dungeon.
You worshipped Lugonu.
Lugonu was aware of your devotion.
You visited 1 branch of the dungeon, and saw 1 of its levels.
You visited the Abyss 1 time.

You collected 70 gold pieces.

Inventory:

Hand Weapons
 a - a +1 falchion (weapon)
Armour
 j - a +0 hat (worn)
Jewellery
 k - an uncursed amulet of regeneration {unknown}
Scrolls
 b - 2 scrolls of amnesia {unknown}
 c - a scroll of remove curse {unknown}
 d - a scroll of random uselessness {unknown}
 h - a scroll of identify {unknown}
 i - a scroll of teleportation {unknown}
Potions
 e - a potion of resistance {unknown}
 f - 2 potions of magic {unknown}
 g - a potion of might {unknown}


   Skills:
 + Level 3.2 Fighting
 * Level 2.6 Long Blades
 + Level 2.6 Dodging
 * Level 2.7 Invocations


You had 2 spell levels left.
You didn't know any spells.
Your spell library was empty.

Dungeon Overview and Level Annotations

Branches:
Dungeon (1/15)

Altars:


Innate Abilities, Weirdness & Mutations

You cannot wear most types of armour.
You are very stealthy in the water. (Stealth+)
You are amphibious.
You can wear up to eight rings at the same time.
You can use your tentacles to constrict eight enemies at once.
Your skin changes colour to match your surroundings (Stealth+).
Your rubbery body absorbs attacks. (AC +1, EV +1)


Message History

You hit the rat.
You kill the rat!
Lugonu accepts your kill.
You see here a rat corpse.
No target in view!
No target in view!
You see here a hat.
j - a hat You start putting on your armour.
You continue putting on your hat. x4
You finish putting on your +0 hat.
k - a small lapis lazuli amulet
Okay, then.
You see here a dart slug corpse.
Key pressed, stopping explore.
No target in view!
Key pressed, stopping explore.
A rat comes into view.
A rat is nearby!
A rat is nearby!
Are you sure you want to abandon this character and quit the game? (Confirm with "yes".)

######## #......##
#..)....# ###
#..#.##.##### ..#
#.###.#..... #.#
##.#.#....#
#.###.#.###...#########r
......##.#........>.....
#.###..†#.......@##
#.###########....#
..........).##...#
#+#...)........###
....#######.##.# ....#
#.##.# ...## #.##.# ...#
#....# ...# #...†#


You could see a rat (asleep).

Vanquished Creatures
  An ooze (D:1)
  4 dart slugs (D:1)
  2 giant cockroaches (D:1)
  4 goblins (D:1)
  A hobgoblin (D:1)
  2 bats (D:1)
  3 frilled lizards (D:1)
  3 kobolds (D:1)
  A rat (D:1)
21 creatures vanquished.

Notes
Turn   | Place    | Note
-------+----------+-------------------------------------------
     0 | Abyss:1  | Zeld the Octopode Abyssal Knight began the quest for the
                  | Orb.
     0 | Abyss:1  | Reached XP level 1. HP: 16/16 MP: 2/2
    68 | Abyss:1  | Noticed a small abomination
    85 | Abyss:1  | Found a corrupted altar of Lugonu.
    91 | Abyss:1  | Noticed a large abomination
    96 | D:1      | Escaped the Abyss
   298 | D:1      | Reached XP level 2. HP: 21/21 MP: 3/3
   616 | D:1      | Reached * piety under Lugonu
   639 | D:1      | Reached XP level 3. HP: 20/26 MP: 4/4
   814 | D:1      | Quit the game

Illustrated notes

Levels and vault maps discovered:
D:1:      amcnicky_arrival_choice, layout_basic, kennysheep_flooded_box,
          minmay_tripent

Action                   || total
-------------------------++-------
Melee: Falchion          ||    37
       Constrict         ||    11
       Tentacles         ||     5
Invok: Depart the Abyss  ||     1
 Stab: Sleeping          ||     4
Armor: Skin              ||     2
Dodge: Dodged            ||    21
       Rpst.: Falchion   ||     6
